 Dungeon Crawl Stone Soup version 0.28.0-53-g5a82cb258f (webtiles) character file.

Game seed: 11594321241924126928

1014 DildoBatman the Magician (level 8, -8/52 (57) HPs)
             Began as a Formicid Conjurer on May 24, 2022.
             Was a Follower of Kikubaaqudgha.
             Mangled by a wight
             ... wielding a +0 flail
              (10 damage)
             ... on level 5 of the Dungeon.
             The game lasted 00:17:04 (4020 turns).

DildoBatman the Magician (Formicid Conjurer)        Turns: 4020, Time: 00:17:05

HP:   -8/52 (57)    AC:  4    Str: 18    XL:     8   Next: 45%
MP:   5/18          EV: 12    Int: 24    God:    Kikubaaqudgha [*.....]
Gold: 102           SH:  0    Dex: 11    Spells: 18/21 levels left

rFire   . . .      SeeInvis +   b - +8 club
rCold   . . .      Faith    .   (no shield)
rNeg    . . .      Spirit   .   g - +0 robe
rPois   .          Reflect  .   (helmet unavailable)
rElec   .          Harm     .   (no cloak)
rCorr   .          Rampage  .   u - +0 pair of gloves
Will    .....                   f - +0 pair of boots
Stlth   ++........              (no amulet)
HPRegen 0.17/turn               j - +6 ring of strength
MPRegen 0.16/turn               y - +6 ring of intelligence

@: drained
A: permanent stasis, dig shafts and tunnels, antennae 3, four strong arms
a: Dig, Shaft Self, Renounce Religion, Receive Corpses


You were on level 5 of the Dungeon.
You worshipped Kikubaaqudgha.
Kikubaaqudgha was aware of your devotion.
You visited 1 branch of the dungeon, and saw 5 of its levels.
You also visited: Sewer.

You collected 102 gold pieces.

Inventory:

Hand Weapons
 a - a +0 hunting sling
 b - a +8 club (weapon)
 e - a +1 antimagic hand axe
 F - a +0 long sword
Missiles
 i - 84 arrows
 k - 59 stones
 v - 2 poisoned darts
 H - 6 curare-tipped darts
 I - 16 bolts
Armour
 f - a +0 pair of boots (worn)
 g - a +0 robe (worn)
 u - a +0 pair of gloves (worn)
Jewellery
 j - a +6 ring of strength (left hand)
 y - a +6 ring of intelligence (right hand)
Wands
 q - a wand of polymorph (22)
 G - a wand of digging (8)
Scrolls
 c - a scroll of summoning {unknown}
 h - 2 scrolls of torment {unknown}
 m - a scroll of enchant armour
 n - a scroll of noise
 p - 3 scrolls of enchant weapon
 t - a scroll of teleportation {unknown}
 z - a scroll of fear {unknown}
 A - 2 scrolls of vulnerability {unknown}
 B - a scroll of blinking {unknown}
Potions
 d - a potion of flight {unknown}
 l - 3 potions of curing
 o - a potion of haste {unknown}
 r - 2 potions of might {unknown}
 s - a potion of resistance {unknown}
 w - 2 potions of magic
 x - 2 potions of cancellation {unknown}
 C - a potion of lignification {unknown}
 D - 2 potions of ambrosia {unknown}
 E - a potion of degeneration {unknown}
 J - a potion of mutation {unknown}


   Skills:
 * Level 2.4 Fighting
 * Level 2.4 Armour
 - Level 1.7 Dodging
 - Level 2.4 Stealth
 - Level 7.0 Spellcasting
 - Level 6.0 Conjurations
 * Level 1.1 Necromancy


You had 18 spell levels left.
You knew the following spells:

 Your Spells              Type           Power      Damage    Failure   Level
a - Searing Ray           Conj           74%        2d7       1%          2
c - Magic Dart            Conj           100%       1d8       1%          1

Your spell library contained the following spells:

 Spells                   Type           Power      Damage    Failure   Level
 Animate Skeleton         Necr           26%        N/A       4%          1
 Pain                     Necr           52%        1d6       4%          1
 Dazzling Flash           Conj/Hex       44%        N/A       6%          3
 Sublimation of Blood     Necr           13%        N/A       7%          2
 Fulminant Prism          Conj/Hex       11%        3d9       21%         4
 Iskenderun's Mystic Bla  Conj/Tloc      22%        2d6       21%         4
 Agony                    Necr           13%        N/A       77%         5
 Silence                  Hex/Air        4%         N/A       89%         5


Dungeon Overview and Level Annotations

Branches:
Dungeon (5/15)              Sewer (visited)
 Temple: D:4-7

Altars:
Kikubaaqudgha


Innate Abilities, Weirdness & Mutations

You cannot be hasted, slowed, berserked, paralysed or teleported.
You can dig through walls and to a lower floor.
You have a pair of large antennae on your head. (SInv)
Your four strong arms can wield two-handed weapons with a shield.


Message History

The searing ray hits the wight.
The wight is almost destroyed.
Training target 7.0 for Spellcasting reached!
Your Spellcasting skill increases to level 7!
You need to enable at least one skill for training.
The searing ray hits the wight.
The wight is severely damaged.
The searing ray hits the wight!
You destroy the wight!
Kikubaaqudgha accepts your kill.
The searing ray hits the wight.
The wight is lightly damaged.
You finish channelling your searing ray.
The wight hits you with a +0 dagger!
Casting: Searing Ray (safe; 1% risk of failure)
Confirm with . or Enter, or press ? or * to list all spells.
Aiming: Searing Ray (safe; 1% risk of failure)
Press: ? - help, Shift-Dir - straight line, f - wight
Aim: a wight, wielding a +0 dagger and wearing a +0 robe (severely damaged, 81% to hit)
The searing ray hits the wight but does no damage.
The wight is severely damaged.
The searing ray misses the wight. (Press . to maintain the ray.)
The wight hits you with a +0 dagger.
You feel drained.
The searing ray hits the wight!
You destroy the wight!
Kikubaaqudgha accepts your kill.
The searing ray hits the wight.
The wight is heavily damaged.
Your Necromancy skill increases to level 1!
The searing ray hits the wight!
The wight is almost destroyed.
The wight hits you with a +0 flail!
You feel drained.
The searing ray misses the wight.
You finish channelling your searing ray.
The wight hits you with a +0 flail!
You die...
Kikubaaqudgha rasps: "You have failed me!
Welcome... death!"

#.##..####.### #.#
#............. #.#
#......# ..#
#######..###.# #.#
#........###.### #.#
#.####.........#
#.#####.####.#)###.#.#
#.#..........#z# #
###<#.#######..#@###.#
....#.# #...........
.####.# #..#..#...## .#
#.# #.........# .# #.#
#<######### .# #.# #Z#
.####.#######.###########
..............#.≈P≈≈≈.P≈#
##......###.#.###########


You could see a wight and a human zombie.

Vanquished Creatures
  Sigmund (D:2)
  Pargi (Sewer)
  A black bear (D:4)
  A necrophage (D:4)
  An ogre (D:4)
  The ghost of Atelerd the Digger, an amateur OpEE (D:3)
  A water moccasin zombie (D:4)
  4 wights (D:5)
  A bullfrog zombie (D:4)
  Jessica (D:3)
  A scorpion zombie (D:4)
  3 mummies
  A howler monkey zombie (D:4)
  An adder (D:3)
  3 adder zombies (D:4)
  An adder skeleton (D:4)
  An orc (D:4)
  6 endoplasms
  3 giant cockroaches
  9 goblins
  6 hobgoblins
  3 quokkas
  8 ball pythons
  12 bats
  6 frilled lizards
  7 kobolds
  4 rats
88 creatures vanquished.

Vanquished Creatures (others)
  3 fungi (D:5)
3 creatures vanquished.

Grand Total: 91 creatures vanquished

Notes
Turn   | Place    | Note
-------+----------+-------------------------------------------
     0 | D:1      | DildoBatman the Formicid Conjurer began the quest for the
                  | Orb.
     0 | D:1      | Reached XP level 1. HP: 13/13 MP: 3/3
   287 | D:1      | Reached XP level 2. HP: 19/19 MP: 3/5
   290 | D:1      | Learned a level 2 spell: Searing Ray
   471 | D:1      | Reached XP level 3. HP: 21/24 MP: 2/6
   490 | D:1      | Found a faded altar of an unknown god.
  1587 | D:3      | Noticed Jessica
  1641 | D:3      | Reached XP level 4. HP: 30/30 MP: 4/7
  1683 | D:3      | Noticed Sigmund
  1701 | D:3      | Noticed Atelerd's ghost (amateur OpEE)
  1701 | D:3      | Found a runed translucent door.
  1708 | D:3      | Reached skill level 5 in Conjurations
  2262 | D:4      | Noticed an ogre
  2399 | D:4      | Killed an ogre
  2400 | D:4      | Reached XP level 5. HP: 13/35 MP: 1/8
  2460 | D:4      | Found a glowing drain.
  2499 | Sewer    | Entered a sewer
  2528 | Sewer    | Noticed Pargi
  2613 | Sewer    | Killed Pargi
  2614 | Sewer    | Reached skill level 1 in Fighting
  2614 | Sewer    | Reached skill level 1 in Armour
  2614 | Sewer    | Reached XP level 6. HP: 43/43 MP: 1/10
  3000 | D:4      | Noticed a black bear
  3126 | D:4      | Noticed a necrophage
  3128 | D:4      | Found an ancient bone altar of Kikubaaqudgha.
  3137 | D:4      | Became a worshipper of Kikubaaqudgha
  3174 | D:4      | Reached skill level 3 in Spellcasting
  3174 | D:4      | Killed a necrophage
  3175 | D:4      | Reached XP level 7. HP: 27/50 MP: 2/12
  3182 | D:4      | Reached skill level 4 in Spellcasting
  3606 | D:4      | Reached skill level 5 in Spellcasting
  3670 | D:3      | Killed Atelerd's ghost
  3820 | D:3      | Killed Jessica
  3888 | D:2      | Killed Sigmund
  3889 | D:2      | Reached skill level 6 in Spellcasting
  3889 | D:2      | Reached XP level 8. HP: 53/56 MP: 8/18
  3926 | D:5      | Entered Level 5 of the Dungeon
  4015 | D:5      | Reached * piety under Kikubaaqudgha
  4015 | D:5      | Received a gift from Kikubaaqudgha
  4016 | D:5      | Reached skill level 7 in Spellcasting
  4019 | D:5      | Reached skill level 1 in Necromancy
  4019 | D:5      | HP: 2/52 [wight/+0 flail (3)]
  4020 | D:5      | Mangled by a wight

Illustrated notes

Levels and vault maps discovered:
D:1:      psy_arrival_whirlpool, layout_basic,
          ebering_ecumenical_altar_abandoned
D:2:      layout_basic, st_stairs_4, nicolae_elevator_lobby_plus
D:3:      minmay_general_purpose_star, layout_basic,
          hellmonk_ghost_happy_afterlife, uniq_sigmund, uniq_jessica
D:4:      layout_rooms, lemuel_mausoleum_altar_kikubaaqudgha,
          portal_sewer_entry_c
D:5:      layout_loops_ring, serial_aquarium, aquarium_bridge_square
          [aquarium_subvault_bridge, aquarium_subvault_wall,
          aquarium_subvault_bridge, aquarium_subvault_wall], aquarium_window_2,
          aquarium_window_2, aquarium_window_fake, aquarium_view_2d,
          aquarium_balcony_5b

Skill      XL: |  1  2  3  4  5  6  7  8 |
---------------+-------------------------+-----
Conjurations   | 4 5 6 |  6.0
Fighting       | 1 2 |  2.4
Armour         | 1 2 |  2.4
Spellcasting   | 3 6 7 |  7.0
Necromancy     | 1 |  1.1
Dodging        | |  1.7
Stealth        | |  2.4

Action                   |  1- 3 |  4- 6 |  7- 9 || total
-------------------------+-------+-------+-------++-------
Melee: Unarmed           |     2 |       |       ||     2
       Club              |     9 |       |    10 ||    19
       Long sword        |       |    12 |     9 ||    21
 Fire: Hunting sling     |     7 |     7 |     3 ||    17
 Cast: Magic Dart        |    58 |    23 |    16 ||    97
       Searing Ray       |     3 |     8 |    12 ||    23
 Abil: Dig               |       |     3 |     2 ||     5
  Use: Scroll            |       |     5 |       ||     5
 Stab: Sleeping          |     1 |     1 |       ||     2
Armor: Robe              |     3 |    10 |    21 ||    34
Dodge: Dodged            |     9 |    20 |    33 ||    62
